 Dungeon Crawl Stone Soup version 0.22-a0-348-gd16d1391c7 (webtiles) character file.

95 Laan the Chopper (level 4, -6/35 HPs)
             Began as a Formicid Fighter on Apr 6, 2018.
             Mangled by an ogre
             ... wielding a +0 giant club
              (9 damage)
             ... on level 3 of the Dungeon.
             The game lasted 00:03:19 (1795 turns).

Laan the Chopper (Formicid Fighter)                 Turns: 1795, Time: 00:03:20

Health: -6/35      AC:  8    Str: 22    XL:     4   Next: 95%
Magic:  4/4        EV:  8    Int:  7    God:
Gold:   122        SH:  9    Dex: 10    Spells: 3/3 levels left

rFire    . . .     SeeInvis +   a - +0 war axe
rCold    . . .     Gourm    .   c - +0 shield
rNeg     . . .     Faith    .   b - +0 scale mail
rPois    .         Spirit   .   (helmet unavailable)
rElec    .         Reflect  .   d - +0 cloak
rCorr    .         Harm     .   (no gloves)
MR       .....                  (no boots)
Stlth    ..........             (no amulet)
HPRegen  0.11/turn              (no ring)
MPRegen  0.09/turn              (no ring)

@: no status effects
A: permanent stasis, dig shafts and tunnels, four strong arms, antennae 3
a: Dig, Shaft Self


You were on level 3 of the Dungeon.
You were not hungry.

You visited 1 branch of the dungeon, and saw 3 of its levels.

You collected 122 gold pieces.

Inventory:

Hand Weapons
 a - a +0 war axe (weapon)
 l - a +0 dagger of venom
Armour
 b - a +0 scale mail (worn)
 c - a +0 shield (worn)
 d - a +0 cloak (worn)
Scrolls
 e - 3 scrolls of remove curse {unknown}
 g - a scroll of enchant armour {unknown}
 j - 4 scrolls of identify {unknown}
 n - 2 scrolls of enchant weapon {unknown}
 r - a scroll of fear {unknown}
 t - 3 scrolls of noise {unknown}
 u - a scroll of blinking {unknown}
 v - a scroll of magic mapping {unknown}
Potions
 h - 2 potions of flight {unknown}
 i - 2 potions of curing {unknown}
 k - a potion of lignification {unknown}
 m - 2 potions of cancellation {unknown}
 p - a potion of heal wounds {unknown}
 q - a potion of ambrosia {unknown}
 s - a potion of brilliance {unknown}
Comestibles
 f - 7 rations
 o - 3 chunks of flesh


   Skills:
 - Level 3.2 Fighting
 + Level 4.7 Axes
 - Level 3.2 Armour
 - Level 3.6 Shields


You had 3 spell levels left.
You didn't know any spells.

Dungeon Overview and Level Annotations

Branches:
Dungeon (3/15)

Altars:
Kikubaaqudgha
Nemelex Xobeh
Vehumet
Zin


Innate Abilities, Weirdness & Mutations

You cannot be hasted, slowed, berserked, paralysed or teleported.
You can dig through walls and to a lower floor.
Your four strong arms can wield two-handed weapons with a shield.
You have a pair of large antennae on your head. (SInv)


Message History

Press: ? - help, Shift-Dir - straight line, f - ogre
Aim: an ogre, wielding a giant club
Okay, then.
You slash the ogre!
The ogre is heavily wounded.
The ogre barely misses you.
You hit the ogre.
The ogre is severely wounded.
The ogre hits you with a giant club!
You hit the ogre but do no damage.
The ogre is severely wounded.
The ogre hits you with a giant club!
* * * LOW HITPOINT WARNING * * *
You hit the ogre.
The ogre is almost dead.
You block the ogre's attack.
You hit the ogre.
The ogre is almost dead.
The ogre hits you with a giant club!
You die...

.......
##....
....... .....
....... ....
....... ..$ {
....... ..
....... .#
.......#O####
..%....@....#
.......#....#
....... ....#
...$...
..#....
....... ?..
... .......
.... ..
....... ###.#
. ....... .#


You could see an ogre.

Vanquished Creatures
  Crazy Yiuf (D:2)
  5 dart slugs
  A leopard gecko (D:1)
  A ball python (D:2)
  2 giant cockroaches (D:1)
  8 goblins
  6 hobgoblins
  4 jackals (D:1)
  9 kobolds
  4 bats
  6 frilled lizards
  4 rats
51 creatures vanquished.

Notes
Turn   | Place    | Note
-------+----------+-------------------------------------------
     0 | D:1      | Laan the Formicid Fighter began the quest for the Orb.
     0 | D:1      | Reached XP level 1. HP: 18/18 MP: 1/1
    59 | D:1      | Reached XP level 2. HP: 22/24 MP: 2/2
   108 | D:1      | Reached skill level 3 in Axes
   242 | D:1      | Reached XP level 3. HP: 28/29 MP: 3/3
  1060 | D:2      | Reached skill level 4 in Axes
  1060 | D:2      | Reached XP level 4. HP: 35/35 MP: 4/4
  1229 | D:2      | Found a runed door.
  1234 | D:2      | Noticed Crazy Yiuf
  1239 | D:2      | Killed Crazy Yiuf
  1525 | D:2      | Found a glowing silver altar of Zin.
  1525 | D:2      | Found a sparkling altar of Nemelex Xobeh.
  1530 | D:2      | Found a radiant altar of Vehumet.
  1532 | D:2      | Found an ancient bone altar of Kikubaaqudgha.
  1535 | D:2      | Found a faded altar of an unknown god.
  1783 | D:3      | Noticed an ogre
  1795 | D:3      | Mangled by an ogre

Vault maps used:
D:1:      dpeg_arrival_lava_altar
D:2:      kennysheep_big_flooded_room, chequers_temple_overflow_minitemple,
          nicolae_underground_beach, uniq_crazy_yiuf_cottage
D:3:      overflow_temple_1_default, hangedman_abyss_or_decor_stabs

Skill      XL: |  1  2  3 |
---------------+----------+-----
Axes           | 3 4 |  4.7
Fighting       | |  3.2
Armour         | |  3.2
Shields        | |  3.6

Action                   |  1- 3 |  4- 6 || total
-------------------------+-------+-------++-------
Melee: War axe           |   106 |    56 ||   162
       Unarmed           |       |     3 ||     3
  Use: Potion            |       |     1 ||     1
  Eat: Chunk             |     1 |     2 ||     3
Armor: Scale mail        |    46 |    21 ||    67
Dodge: Dodged            |    33 |    13 ||    46
Block: Shield            |    46 |    20 ||    66

Table legend:
 A = Spawn XP
 B = Non-spawn XP
 C = Spawn XP percentage of total XP
 D = Spawn monster count
 E = Non-spawn monster count
 F = Spawn count percentage of total count
 G = Total turns spent on level
                    A         B        C        D         E        F      G
               +---------+---------+-------+---------+---------+-------+---------
         Total |       0 |     136 |   0.0 |       0 |      51 |   0.0 |  1795
               +---------+---------+-------+---------+---------+-------+---------
           D:1 |       0 |      60 |   0.0 |       0 |      30 |   0.0 |   919
           D:2 |       0 |      76 |   0.0 |       0 |      21 |   0.0 |   864
               +---------+---------+-------+---------+---------+-------+---------
